 Dungeon Crawl Stone Soup version 0.26-a0-651-gb41185065b (webtiles) character file.

Game seed: 9641351301894786681

(classic levelgen) 70424 EnegeticOcto the Severer (level 14, -4/133 HPs)
             Began as a Deep Dwarf Fighter on Oct 9, 2020.
             Was the Champion of Makhleb.
             Slain by a sun demon (16 damage)
             ... summoned by an orc high priest
             ... on level 2 of the Orcish Mines.
             The game lasted 00:08:49 (12640 turns).

EnegeticOcto the Severer (Deep Dwarf Fighter)      Turns: 12640, Time: 00:08:50

Health: -4/133     AC: 26    Str: 30    XL:     14   Next: 94%
Magic:  14/14      EV:  7    Int: 10    God:    Makhleb [******]
Gold:   1197       SH: 14    Dex: 18    Spells: 13/13 levels left

rFire    . . .     SeeInvis .   s - +7 war axe (vorpal)
rCold    + . .     Faith    .   c - +0 kite shield
rNeg     + . .     Spirit   .   g - +0 plate armour {rC+}
rPois    +         Reflect  .   (no helmet)
rElec    .         Harm     .   n - +2 cloak {rCorr}
rCorr    +         Rampage  .   y - +2 pair of gloves
MR       ++...                  r - +2 pair of boots
Stlth    ..........             F - amulet "Ynni" {+Blink +Inv rPois Regen+ Stlth+}
HPRegen  0.00/turn              D - ring "Voatzewe" {+Blink rPois Str+6}
MPRegen  0.14/turn              m - +6 ring of dexterity

@: non-regenerating
A: damage resistance, heal wounds, negative energy resistance 1, sense
surroundings 2, no regeneration
a: Heal Wounds, Minor Destruction, Lesser Servant of Makhleb, Major Destruction,
Greater Servant of Makhleb, Renounce Religion, Evoke Blink, Evoke Invisibility


You were on level 2 of the Orcish Mines.
You worshipped Makhleb.
Makhleb was exalted by your worship.
You visited 4 branches of the dungeon, and saw 21 of its levels.

You collected 1327 gold pieces.
You spent 130 gold pieces at shops.

Inventory:

Hand Weapons
 s - a +7 vorpal war axe (weapon)
Missiles
 p - a throwing net (quivered)
Armour
 c - a +0 kite shield (worn)
 g - a +0 plate armour of cold resistance (worn)
 n - a +2 cloak of preservation (worn)
 r - a +2 pair of boots (worn)
 y - a +2 pair of gloves (worn)
Jewellery
 m - a +6 ring of dexterity (right hand)
 D - the ring "Voatzewe" (left hand) {+Blink rPois Str+6}
   (You found it on level 12 of the Dungeon)

   [ring of poison resistance]

   It affects your strength (+6).
   It protects you from poison.
   It lets you blink.
 F - the amulet "Ynni" (around neck) {+Blink +Inv rPois Regen+ Stlth+}
   (You found it on level 12 of the Dungeon)

   [amulet of regeneration]

   It protects you from poison.
   It lets you turn invisible.
   It lets you blink.
   It increases your rate of regeneration.
   It makes you more stealthy.
Wands
 i - a wand of iceblast (18) {@v2}
 w - a wand of enslavement (6)
 x - a wand of digging (6) {@v3}
 G - a wand of polymorph (5)
 H - a wand of paralysis (5)
Scrolls
 a - 5 scrolls of teleportation {@r3}
 h - 8 scrolls of remove curse {@r2}
 l - 3 scrolls of fog
 o - 5 scrolls of blinking
 C - 2 scrolls of magic mapping {@r5}
 I - 2 scrolls of fear
Potions
 b - 4 potions of degeneration
 d - 6 potions of might {@q3}
 e - 5 potions of brilliance
 f - 2 potions of lignification {@q7}
 j - 6 potions of curing {@q1}
 k - a potion of cancellation
 q - 3 potions of haste {@q4}
 t - 4 potions of stabbing {@q5}
 u - 3 potions of mutation
 v - 2 potions of flight
 z - a potion of ambrosia
 B - 2 potions of heal wounds {@q2}
 E - a potion of resistance {@q6}
Miscellaneous
 A - a box of beasts (3/3)
 K - a tin of tremorstones (3/3)


   Skills:
 + Level 10.6 Fighting
 * Level 16.3 Axes
 + Level 12.2 Armour
 + Level 12.4 Shields
 + Level 13.6 Invocations
 + Level 2.7 Evocations


You had 13 spell levels left.
You didn't know any spells.
Your spell library was empty.

Dungeon Overview and Level Annotations

Branches:
Dungeon (15/15)            Temple (1/1) D:4            Lair (3/6) D:10
 Shoals (0/4) Lair:3       Spider (0/4) Lair:3          Orc (2/2) D:10
    Elf (0/3) Orc:2        Vaults (0/5) D:14         Depths (0/5) D:15

Altars:
Ashenzari
Cheibriados
Dithmenos
Elyvilon
Fedhas
Gozag
Hepliaklqana
Kikubaaqudgha
Makhleb
Nemelex Xobeh
Okawaru
Qazlal
Ru
Sif Muna
Trog
Uskayaw
Vehumet
Wu Jian
Xom
Yredelemnul
Zin
The Shining One

Shops:
D:8 (   Orc:2 *

Annotations:
D:12 1 runed translucent door


Innate Abilities, Weirdness & Mutations

You are resistant to damage.
You can heal yourself by infusing magical energy.
You resist negative energy. (rN+)
You passively map the area around you.
You do not regenerate.


Message History

4 orc warriors and an orc priest come into view.
The orc warrior shouts! x2; The orc priest shouts!
The orc warrior shouts!
You hear a shout! x4
An orc comes into view. It is wielding a +0 dagger.
An orc comes into view. It is wielding a +0 club.
An orc warrior comes into view. It is wielding a +0 glaive.
You block the orc warrior's attack.
The orc warrior moves out of view. x2 2 orcs come into view. 2 orc warriors, an orc priest and an orc high priest come into view.
The orc shouts!
The orc warrior shouts!
The orc shouts!
The orc warrior shouts!
The orc high priest shouts!
You hear a shout!
The orc priest mumbles some strange prayers to Beogh against you.
Beogh smites you!
The orc warrior moves out of view.
An orc knight comes into view. It is wielding a +0 great sword.
You hit the orc warrior but do no damage.
You slice the orc!!
You kill the orc!
Makhleb accepts your kill.
You feel better.
The orc priest calls down the wrath of Beogh upon you.
Beogh smites you!
The orc warrior hits you from afar with a +0 glaive.
You hear a shout! x2
You slice the orc warrior!!
The orc warrior is almost dead.
You block the orc warrior's attack.
An orc high priest comes into view. It is wielding a +0 halberd.
The orc warrior hits you but does no damage.
You slash the orc warrior!
You kill the orc warrior!
Makhleb accepts your kill.
You feel better. You block the orc warrior's attack.
The orc high priest mumbles some strange prayers to Beogh.
The hellwing gives a chilling moan.
You hear a shout! x2
An orc knight comes into view. It is wielding a +0 war axe.
The orc warrior hits you from afar with a +0 glaive.
An orc priest comes into view. It is wielding a +0 dagger.
Items here: )) [[.
You slash the orc priest!
You kill the orc priest!
Makhleb accepts your kill.
You feel better.
You closely miss the orc warrior.
An orc priest comes into view. It is wielding a +0 falchion.
You block the orc warrior's attack.
The orc knight roars a battlecry!
The orcs go into a battle-frenzy!
The orc high priest utters an invocation to Beogh.
Your shield and plate armour prevent you from hitting the orc warrior.
You hit the orc warrior but do no damage.
The orc priest calls down the wrath of Beogh upon you.
Beogh smites you! You block the orc warrior's attack.
The orc warrior barely misses you. x2
You hear a shout!
You slice the orc warrior!!
The orc warrior is almost dead.
You closely miss the orc warrior.
The orc warrior hits you with a +0 glaive.
The orc high priest utters an invocation to Beogh.
A demon appears!
An orc warrior comes into view. It is wielding a +0 mace.
You block the orc warrior's attack.
An orc warrior comes into view. It is wielding a +0 battleaxe.
An orc warrior comes into view. It is wielding a +0 scimitar.
The orc warrior hits you but does no damage.
The orc knight roars a battlecry!
The orcs go into a battle-frenzy!
The orc high priest shouts, "You must be punished!"
You block the orc warrior's attack.
You hear a shout!
You slash the orc warrior!
You kill the orc warrior!
Makhleb accepts your kill.
You feel better.
Your shield and plate armour prevent you from hitting the orc warrior.
You barely miss the orc warrior.
The orc knight roars a battlecry!
You block the orc warrior's attack.
The orc warrior hits you with a +0 scimitar!
You block the orc warrior's attack.
You hit the orc warrior but do no damage.
You slash the orc warrior!
The orc high priest mumbles some strange prayers to Beogh.
The orc priest calls down the wrath of Beogh upon you.
Beogh smites you!
The orc priest mumbles some strange prayers to Beogh against you.
Beogh smites you!
You closely miss the sun demon. You slash the orc warrior!
You block the orc warrior's attack.
Your ynoxinul hits the orc warrior!
The orc warrior dies!
Makhleb accepts your kill.
An orc warrior comes into view. It is wielding a +0 trident.
The orc warrior hits you from afar with a +0 glaive!
A demon appears!
The orc priest calls down the wrath of Beogh upon you.
Beogh smites you!
* * * LOW HITPOINT WARNING * * *
The sun demon hits you!!
* * * LOW HITPOINT WARNING * * *
You are engulfed in flames!!
You die...

...........#...#
################ #######
* ###.....### #., ,
###.........### * ..., ,
#.............## 4.. ,
...............### o. ,
,
.#.#.#.#.#.#.#.#3#3#o#.#
*, ,
...............3@3oooo..
,,
...............#)#oooo..
.................ooooo.o
,
.#.#.#.#.#.#.#.#.#4#o#.#
*,
...............###o4....
, , #.............##
..... ##.........##
##... ,,, * ##.. ..##*
##,, , * * *


You could see an orc knight (strong), 2 orc high priests, a sun demon
(summoned), a hellwing (summoned), an ice devil (summoned), a sixfirhy
(summoned), a chaos spawn (summoned), 9 orc warriors, 3 orc priests, 2 orcs, a
friendly neqoxec (summoned) and a friendly ynoxinul (summoned).

Vanquished Creatures
  Jorgrun (D:12)
  Nessos (Orc:2)
  An ettin (Orc:2)
  Josephine (D:12)
  A vault guard (D:14)
  Harold (D:9)
  3 hydras
  10 centaur warriors
  A death knight (D:15)
  6 two-headed ogres
  2 ogre magi
  An orc high priest (Orc:2)
  Nergalle (D:12)
  5 skeletal warriors
  4 unseen horrors
  A swamp dragon (shapeshifter) (D:12)
  A wizard (D:15)
  Pikel (D:7)
  4 orc knights (Orc:2)
  3 ugly things
  5 deep elf magi
  An orc sorcerer (Orc:2)
  2 manticores
  7 cyclopes
  6 centaur zombies
  A merfolk siren (Lair:3)
  A naga mage (D:15)
  Joseph (D:10)
  5 cane toads
  An efreet (D:12)
  3 kobold demonologists
  5 komodo dragons
  A freezing wraith (D:12)
  A meliai (shapeshifter) (D:14)
  3 trolls
  A wolf spider simulacrum (D:15)
  2 jumping spiders (Lair:3)
  11 blink frogs
  Prince Ribbit (D:9)
  7 hippogriffs
  4 shadows
  6 wyverns
  A centaur simulacrum (D:12)
  4 wraiths (D:12)
  A redback (Lair:3)
  A vampire (D:15)
  31 yaks
  A human (shapeshifter) (D:11)
  A steam dragon (D:13)
  A human (D:10)
  4 vampire mosquitoes
  A warg (D:10)
  2 acid dragons (D:12)
  4 water moccasins
  A porcupine (Lair:2)
  Duvessa (D:7)
  A black bear (D:7)
  A hornet zombie (D:11)
  5 sky beasts
  An eye of draining (shapeshifter) (D:14)
  24 orc warriors
  5 necrophages
  14 ice beasts
  2 phantoms
  14 ogres
  6 wolves (Lair:2)
  17 centaurs
  3 crocodiles
  4 lemures (D:7)
  8 big kobolds
  10 bullfrogs
  A wyvern zombie (D:14)
  Dowan (D:7)
  6 scorpions
  15 killer bees
  A howler monkey (D:8)
  4 wights
  2 bullfrog zombies
  A quasit (D:9)
  6 hounds
  3 jellies
  31 orc priests
  5 bullfrog skeletons
  7 centaur skeletons
  5 iguanas
  22 orc wizards
  6 worker ants
  A killer bee zombie (D:9)
  A hound skeleton (D:9)
  2 mummies (D:6)
  A howler monkey zombie (D:6)
  2 worker ant zombies
  12 adders
  2 howler monkey skeletons
  4 shadow imps
  A white imp (D:10)
  An ufetubus (D:5)
  An adder skeleton (D:6)
  An adder zombie (D:6)
  2 worms
  4 leopard geckos
  85 orcs
  A ball python (D:6)
  A giant cockroach (D:8)
  A goblin (D:3)
  2 jackals (D:4)
  26 kobolds
  7 quokkas
  A bat (D:2)
  3 frilled lizards
  A hobgoblin zombie (D:6)
  A jackal skeleton (D:8)
  A kobold zombie (D:6)
  2 orc zombies (D:6)
576 creatures vanquished.

Vanquished Creatures (collateral kills)
  A redback (Lair:3)
  An orc warrior (Orc:2)
  4 orc priests (Orc:2)
6 creatures vanquished.

Vanquished Creatures (others)
  An unseen horror (D:12)
  A centaur zombie (D:12)
  A sky beast (D:12)
  A bullfrog (D:12)
  4 fungi
  4 plants
12 creatures vanquished.

Grand Total: 594 creatures vanquished

Notes
Turn   | Place    | Note
-------+----------+-------------------------------------------
     0 | D:1      | EnegeticOcto the Deep Dwarf Fighter began the quest for the
                  | Orb.
     0 | D:1      | Reached XP level 1. HP: 20/20 MP: 1/1
   211 | D:3      | Reached XP level 2. HP: 24/27 MP: 2/2
   214 | D:3      | Reached skill level 3 in Axes
   214 | D:3      | Reached XP level 3. HP: 28/34 MP: 3/3
   319 | D:3      | Reached XP level 4. HP: 18/42 MP: 4/4
   447 | D:4      | Found a staircase to the Ecumenical Temple.
   467 | Temple   | Entered the Ecumenical Temple
   750 | Temple   | Became a worshipper of Makhleb the Destroyer
   970 | D:4      | Noticed an ogre
   982 | D:4      | Reached skill level 4 in Axes
   982 | D:4      | Reached skill level 1 in Invocations
   982 | D:4      | Reached XP level 5. HP: 49/49 MP: 4/4
   983 | D:4      | Killed an ogre
   993 | D:4      | Reached XP level 6. HP: 48/56 MP: 6/6
  1212 | D:5      | Entered Level 5 of the Dungeon
  1286 | D:5      | Reached skill level 5 in Axes
  1390 | D:5      | Reached XP level 7. HP: 27/63 MP: 7/7
  1405 | D:5      | Found a shimmering altar of Xom.
  1786 | D:5      | Reached * piety under Makhleb
  2178 | D:6      | Reached skill level 5 in Shields
  2209 | D:6      | Reached skill level 5 in Armour
  2281 | D:6      | Reached skill level 6 in Axes
  2464 | D:6      | Reached XP level 8. HP: 58/73 MP: 8/8
  2482 | D:6      | Found a snail-covered altar of Cheibriados.
  2785 | D:7      | You fall into a shaft and drop 1 floor!
  2808 | D:8      | Reached ** piety under Makhleb
  2989 | D:8      | Reached skill level 7 in Axes
  3094 | D:8      | Reached skill level 5 in Invocations
  3119 | D:8      | Reached skill level 5 in Fighting
  3424 | D:8      | Found Otuihor's Antique Weapon Boutique.
  3427 | D:8      | Bought a glowing war axe for 130 gold pieces
  3550 | D:7      | Noticed Duvessa
  3553 | D:7      | Noticed Dowan
  3557 | D:7      | Killed Duvessa
  3557 | D:7      | Reached skill level 8 in Axes
  3557 | D:7      | Gained mutation: You passively map the area around you.
                  | [Deep Dwarf growth]
  3557 | D:7      | Reached XP level 9. HP: 81/81 MP: 10/10
  3583 | D:7      | Killed Dowan
  3651 | D:7      | Noticed Pikel
  3812 | D:7      | Killed Pikel
  3898 | D:7      | Reached skill level 9 in Axes
  4134 | D:9      | Reached *** piety under Makhleb
  4387 | D:9      | Reached XP level 10. HP: 77/91 MP: 12/12
  4509 | D:9      | Noticed Prince Ribbit
  4510 | D:9      | Noticed Harold
  4518 | D:9      | Killed Prince Ribbit
  4537 | D:9      | Killed Harold
  4537 | D:9      | Reached skill level 10 in Axes
  4958 | D:10     | Entered Level 10 of the Dungeon
  4968 | D:10     | Reached **** piety under Makhleb
  5015 | D:10     | Found a staircase to the Orcish Mines.
  5063 | D:10     | Noticed Joseph
  5080 | D:10     | Killed Joseph
  5080 | D:10     | Reached skill level 11 in Axes
  5179 | D:10     | Noticed a purple ugly thing
  5193 | D:10     | Killed a purple ugly thing
  5193 | D:10     | Reached XP level 11. HP: 100/100 MP: 13/13
  5275 | D:10     | Found a staircase to the Lair.
  5343 | D:10     | Killed an unseen horror
  5700 | D:11     | Noticed a white ugly thing
  5725 | D:11     | Killed a white ugly thing
  5801 | D:11     | Noticed an ogre mage
  5812 | D:11     | Noticed a six-headed hydra
  5836 | D:11     | Killed a nine-headed hydra
  5863 | D:11     | Reached skill level 12 in Axes
  5870 | D:11     | Killed an ogre mage
  5958 | D:11     | Reached ***** piety under Makhleb
  6102 | D:11     | Reached skill level 10 in Invocations
  6291 | D:11     | Reached XP level 12. HP: 103/110 MP: 12/12
  6645 | D:12     | Noticed Jorgrun
  6657 | D:12     | Killed Jorgrun
  6718 | D:12     | Noticed a two-headed ogre
  6726 | D:12     | Reached skill level 13 in Axes
  6726 | D:12     | Reached skill level 10 in Shields
  6733 | D:12     | Found a frozen archway.
  6992 | D:12     | Found a runed translucent door.
  6992 | D:12     | Noticed a centaur warrior
  6993 | D:12     | Found a runed translucent door.
  6994 | D:12     | Found a runed translucent door.
  6994 | D:12     | Noticed a centaur warrior
  7082 | D:12     | Reached skill level 10 in Armour
  7185 | D:12     | Noticed Josephine
  7197 | D:12     | Killed Josephine
  7256 | D:12     | Noticed Nergalle
  7276 | D:12     | Killed Nergalle
  7498 | D:12     | Killed a centaur warrior
  7506 | D:12     | Killed a centaur warrior
  7522 | D:12     | Reached XP level 13. HP: 91/120 MP: 12/12
  7595 | D:12     | Reached skill level 14 in Axes
  7664 | D:12     | Got a steaming copper ring
  7665 | D:12     | Identified the ring "Voatzewe" {+Blink rPois Str+6} (You
                  | found it on level 12 of the Dungeon)
  7679 | D:12     | Got a glittering granite ring
  7686 | D:12     | Got a crude golden amulet
  7689 | D:12     | Got a glittering garnet amulet
  7723 | D:12     | Identified the amulet "Ynni" {+Blink +Inv rPois Regen+
                  | Stlth+} (You found it on level 12 of the Dungeon)
  7730 | D:12     | Identified the ring of Vire Teyso {rF- Str+6 Dex+6 Stlth+}
                  | (You found it on level 12 of the Dungeon)
  7744 | D:12     | Identified the amulet "Qoacuth" {Inacc Fragile MR+ Str+2
                  | Int+5} (You found it on level 12 of the Dungeon)
  7888 | D:13     | Reached ****** piety under Makhleb
  8788 | D:14     | Reached skill level 15 in Axes
  8903 | D:14     | Found a gate to the Vaults.
  8964 | D:14     | Found a shimmering blue altar of Sif Muna.
  9129 | D:15     | Entered Level 15 of the Dungeon
  9227 | D:15     | Gained mutation: You resist negative energy. (rN+) [Deep
                  | Dwarf growth]
  9227 | D:15     | Reached XP level 14. HP: 130/130 MP: 13/13
  9592 | D:15     | Reached skill level 10 in Fighting
  9867 | D:15     | Found a staircase to the Depths.
 10086 | Lair:1   | Entered Level 1 of the Lair of Beasts
 11247 | Lair:3   | Reached skill level 16 in Axes
 11524 | Lair:3   | Found a hole to the Spider Nest.
 11709 | Lair:3   | Reached skill level 1 in Evocations
 11713 | Lair:3   | Found a staircase to the Shoals.
 11941 | Orc:1    | Entered Level 1 of the Orcish Mines
 11978 | Orc:2    | Entered Level 2 of the Orcish Mines
 11978 | Orc:2    | Noticed Nessos
 12014 | Orc:2    | Killed Nessos
 12038 | Orc:2    | Found Viyn's Assorted Antiques.
 12242 | Orc:2    | Found a staircase to the Elven Halls.
 12262 | Orc:2    | Found a burning altar of Makhleb.
 12640 | Orc:2    | Slain by a sun demon

Illustrated notes

Levels and vault maps discovered:
D:1:      giann_forest_graveyard, layout_loops_ring, serial_forest,
          infiniplex_forest_clump_double, infiniplex_forest_diagonal,
          infiniplex_forest_lined_corner, infiniplex_forest_end_1,
          infiniplex_forest_corner_1
D:2:      layout_rooms, serial_bayou_pond_d
D:3:      layout_basic, portal_sewer_entry_a, st_stairs_11
D:4:      layout_rooms, minmay_temple_entry_statues_pillars
D:5:      layout_basic, basic_altar
D:6:      layout_gridville, slow_altar_2, grunt_decor_one_mirror,
          minmay_mini_ossuary
D:7:      layout_loops_ring, uniq_duvessa, uniq_pikel
D:8:      layout_loops_ring, serial_shops, kennysheep_mini
D:9:      layout_basic, uniq_prince_ribbit1, uniq_harold
D:10:     layout_stronghold, lair_entry_dummy, erik_orc_4, uniq_joseph
D:11:     layout_loops_ring, minmay_radiant
D:12:     minmay_the_grid_triangle_9x9_recursive_3
          [minmay_the_grid_triangle_9x9_odd_lines,
          minmay_the_grid_triangle_9x9_pentomino_pain,
          minmay_the_grid_triangle_9x9_minimal,
          minmay_the_grid_triangle_9x9_prize_special,
          minmay_the_grid_triangle_9x9_windchime,
          minmay_the_grid_triangle_9x9_corruption,
          minmay_the_grid_triangle_9x9_swiss_cheese,
          minmay_the_grid_triangle_9x9_fully_insulated_deathbox,
          minmay_the_grid_triangle_9x9_flanged_cone], layout_basic,
          portal_ice_cave_entry_ice_beasts, uniq_josephine, uniq_jorgrun,
          uniq_nergalle
D:13:     layout_big_octagon
D:14:     layout_small_grid, david_vaults_5, lemuel_blue_sif_altar
D:15:     grunt_enter_depths_magical_seal, layout_basic
Temple:   roderic_octagonal_lattice_temple
Lair:1:   layout_loops_ring, infiniplex_staircase_pool, uniq_gastronok
Lair:2:   layout_cave_pods, st_stairs_3, beast_lair_carwin_4,
          infiniplex_staircase_pool_2
Lair:3:   layout_regular_city, minmay_shoals_entry_lonely_mermaid,
          spider_nest_entry_funnel_web
Orc:1:    layout_diamond_mine, trog_hazing_becter
Orc:2:    st_orc_pillars, layout_caves, basic_altar, serial_shops, shop,
          minmay_orc_keep, uniq_nessos

Skill      XL: |  1  2  3  4  5  6  7  8  9 10 11 12 13 14 |
---------------+-------------------------------------------+-----
Fighting       | 3 4 5 6 7 8 9 10 | 10.6
Axes           | 3 4 5 6 8 9 11 12 13 15 16 | 16.3
Shields        | 4 5 6 7 8 9 10 11 12 | 12.4
Armour         | 4 5 6 7 8 9 10 11 12 | 12.2
Invocations    | 1 3 4 5 7 8 10 11 12 13 | 13.6
Evocations     | 2 |  2.7

Action                   |  1- 3 |  4- 6 |  7- 9 | 10-12 | 13-15 || total
-------------------------+-------+-------+-------+-------+-------++-------
Melee: War axe           |    58 |   132 |   477 |   616 |   787 ||  2070
Invok: Lesser Servant of |       |       |       |       |     7 ||     7
 Abil: Heal Wounds       |     2 |     6 |     9 |    16 |     9 ||    42
Evoke: Wand              |       |       |       |     5 |       ||     5
  Use: Scroll            |       |       |    17 |     4 |    11 ||    32
Armor: Scale mail        |    44 |    44 |       |       |       ||    88
       Chain mail        |       |    21 |   269 |       |       ||   290
       Plate armour      |       |       |    17 |   415 |   425 ||   857
Dodge: Dodged            |    31 |    41 |   114 |   111 |   160 ||   457
Block: Kite shield       |    42 |    80 |   306 |   329 |   513 ||  1270

Table legend: (Time is in decaauts)
 A = Elapsed time spent in this place.
 B = Non-inter-level travel time spent in this place.
 C = Inter-level travel time spent in this place.
 D = Time resting spent in this place.
 E = Time spent auto-exploring this place.
 F = Levels seen in this place.
 G = Mean time per level.
                   A        B        C        D        E       F      G
               +--------+--------+--------+--------+--------+-----+--------+
         Total |  12620 |  11821 |    799 |      0 |   8383 |  21 |  601.0 |
       Dungeon |   9869 |   9234 |    635 |      0 |   6268 |  15 |  657.9 |
        Temple |    307 |    241 |     66 |      0 |    239 |   1 |  307.0 |
          Lair |   1792 |   1699 |     93 |      0 |   1456 |   3 |  597.3 |
  Orcish Mines |    649 |    646 |      3 |      0 |    420 |   2 |  324.5 |
               +--------+--------+--------+--------+--------+-----+--------+

Top non-repeatable levels by time:
    D:12: 1306 daAuts
  Lair:2: 901 daAuts
     D:9: 888 daAuts
    D:11: 871 daAuts
  Lair:3: 829 daAuts
     D:5: 824 daAuts
    D:15: 796 daAuts
    D:10: 791 daAuts
     D:6: 786 daAuts
     D:8: 714 daAuts
    D:14: 684 daAuts
     D:7: 645 daAuts
   Orc:2: 613 daAuts
    D:13: 592 daAuts
     D:4: 547 daAuts
